 Dungeon Crawl Stone Soup version 0.29.0-4-gdea44cf6ec (webtiles) character file.

Game seed: 12603459228258188005

581 qw the Chopper (level 7, -1/41 HPs)
             Began as a Tengu Warper on Aug 28, 2022.
             Slain by a gnoll
             ... wielding a +0 spear
             ... led by a gnoll bouda
              (3 damage)
             ... on level 4 of the Dungeon.
             The game lasted 00:00:22 (3869 turns).

qw the Chopper (Tengu Warper)                       Turns: 3869, Time: 00:00:23

Health: -1/41      AC:  9    Str: 13    XL:     7   Next: 36%
Magic:  11/11      EV: 10    Int: 14    God:
Gold:   144        SH:  8    Dex: 13    Spells: 10/10 levels left

rFire   . . .      SeeInvis .   Y - +4 hand axe (chaos)
rCold   . . .      Faith    .   l - +0 kite shield
rNeg    . . .      Spirit   .   m - +0 ring mail
rPois   +          Reflect  .   (helmet restricted)
rElec   .          Harm     .   (no cloak)
rCorr   .          Rampage  .   (no gloves)
Will    .....                   (boots unavailable)
Stlth   +.........              d - amulet of regeneration
HPRegen 0.93/turn               h - ring of poison resistance
MPRegen 0.12/turn               p - +4 ring of protection

@: weakened, flying quickly and evasively, quick
A: beak, talons 3, nimble flight
a: no special abilities


You were on level 4 of the Dungeon.
You visited 1 branch of the dungeon, and saw 4 of its levels.
You also visited: Sewer.

You collected 144 gold pieces.


Innate Abilities, Weirdness & Mutations

You have a beak for a mouth.
You have claws for feet.
Your magical nature lets you fly swiftly and evasively.


   Skills:
 - Level 3.3 Fighting
 - Level 7.0 Axes
 - Level 1.0 Throwing
 - Level 1.1 Armour
 - Level 2.1 Dodging
 + Level 3.5 Shields
 - Level 2.0 Spellcasting
 - Level 2.4 Translocations


You had 10 spell levels left.
You didn't know any spells.
Your spell library contained the following spells:

 Spells                   Type           Power      Damage    Failure   Level
 Blink                    Tloc           16%        N/A       65%         2
 Gell's Gravitas          Tloc           8%         N/A       87%         3
 Lesser Beckoning         Tloc           8%         N/A       87%         3
 Teleport Other           Tloc           8%         N/A       87%         3
 Manifold Assault         Tloc           8%         N/A       100%        5

Inventory:

Hand Weapons
 q - a +0 morningstar
 Y - a +4 hand axe of chaos (weapon)
Missiles
 c - 5 silver boomerangs (quivered)
Armour
 l - a +0 kite shield (worn)
 m - a +0 ring mail (worn)
 r - a +0 chain mail
Jewellery
 d - an amulet of regeneration (around neck)
 h - a ring of poison resistance (left hand)
 p - a +4 ring of protection (right hand)
Scrolls
 b - a scroll of identify
Potions
 a - a potion of might {unknown}
 f - a potion of curing
 g - a potion of berserk rage {unknown}
 i - a potion of flight {unknown}
 j - a potion of resistance {unknown}
 k - a potion of brilliance {unknown}
 n - a potion of mutation {unknown}
 o - a potion of invisibility {unknown}

Dungeon Overview and Level Annotations

Branches:
Dungeon (4/15)              Sewer (visited)
 Temple: D:4-7

Altars:
Kikubaaqudgha

Shops:
D:4 =


Message History

The gnoll bouda barks out a call to the hunt!
The gnoll picks up the pace!
The gnoll hits you but does no damage. You block something's attack.
The gnoll bouda closely misses you. You block the gnoll's attack.
You slash the gnoll bouda!
The gnoll bouda looks as sick as possible!
Your peck misses the gnoll bouda.
The gnoll bouda is severely wounded.
You barely miss something. You hit the golden eye.
Lightning courses through the golden eye!
You kill the golden eye!
Something hits you.
The gnoll hits you from afar with a +0 spear!
The gnoll bouda hits you but does no damage.
The gnoll closely misses you.
You hear some strange, mumbled words.
A magic dart appears from out of thin air!
The magic dart hits you. You block the gnoll's attack.
Your Shields skill increases to level 3!
You barely miss the gnoll bouda. Your peck misses the gnoll bouda.
The gnoll bouda is severely wounded.
You barely miss something. You hit the orc.
The orc resists with significant effort.
The gnoll bouda hits you with a +0 whip.
Something hits you but does no damage.
The gnoll bouda mumbles some strange prayers to its god.
The gnoll bouda is healed somewhat.
The gnoll barely misses you. You block the orc's attack.
The gnoll hits you from afar with a +0 spear.
Something hits you.
You closely miss the gnoll bouda. Your peck misses the gnoll bouda.
The gnoll bouda is heavily wounded.
You slash the orc!
You kill the orc!
You closely miss something.
The gnoll bouda gazes fiercely through you!
You feel your attacks grow feeble. The gnoll bouda completely misses you.
Something hits you but does no damage.
The gnoll hits you from afar with a +0 spear.
You die...

#.#..........
##.#.#.......#
#...........#
#..........#
#.##%#.##### .
#.##.#.# ## ...
#....).#####.#....
####.####.#)o....)
#.)).....@gg.....
###.####.#{g.....
#.# ####l#....
#.###### ## ...
#......# .
########


You could see a gnoll bouda (fast, extremely poisoned, very drained), an iguana,
2 gnolls and an orc.

Vanquished Creatures
  Grinder (D:3)
  A golden eye (shapeshifter) (D:4)
  Pargi (Sewer)
  An orc priest (D:4)
  An orc wizard (D:4)
  A gnoll (D:4)
  2 adders (D:3)
  4 worms
  4 orcs (D:4)
  6 ball pythons
  11 bats
  7 endoplasms
  3 giant cockroaches
  12 goblins
  10 hobgoblins
  A jackal (Sewer)
  2 kobolds (D:1)
  5 quokkas
  3 frilled lizards
  3 rats
79 creatures vanquished.

Notes
Turn   | Place    | Note
-------+----------+-------------------------------------------
     0 | D:1      | qw the Tengu Warper began the quest for the Orb.
     0 | D:1      | Reached XP level 1. HP: 12/12 MP: 4/4
     0 | D:1      | 0 ||| qw: Version: 0.1-a-89-g26bdef1
     0 | D:1      | 0 ||| qw: Game counter: 3254
     0 | D:1      | 0 ||| qw: Always use a shield: true
     0 | D:1      | 0 ||| qw: God list: Okawaru
     0 | D:1      | 0 ||| qw: Allow faded altars: false
     0 | D:1      | 0 ||| qw: Do Orc after D:15 true
     0 | D:1      | 0 ||| qw: Do second Lair branch before Depths: true
     0 | D:1      | 0 ||| qw: Lair rune preference: random
     0 | D:1      | 0 ||| qw: Plans: Normal
     0 | D:1      | 0 ||| PLANNING D:1-11
   259 | D:1      | Reached XP level 2. HP: 17/17 MP: 6/6
   269 | D:1      | Reached skill level 3 in Axes
   371 | D:1      | 371 ||| Stepping ~*~*~tactically~*~*~ (stealth).
   377 | D:1      | 377 ||| Stepping ~*~*~tactically~*~*~ (stealth).
   789 | D:1      | Reached XP level 3. HP: 21/21 MP: 7/7
  1154 | D:1      | 1154 ||| UPGRADING to +0 ring mail.
  1164 | D:1      | 1164 ||| DROPPING +0 leather armour.
  1165 | D:1      | 1165 ||| READING scroll labelled FAEPAI OROU.
  1166 | D:1      | 1166 ||| READING 2 scrolls labelled CUVIMI GI ENLA.
  1167 | D:1      | 1167 ||| READING scroll labelled KAUHYP XABB.
  1168 | D:1      | 1168 ||| READING scroll labelled ZOOLA ACIE.
  1269 | D:1      | 1269 ||| DRINKING 2 metallic grey potions.
  1270 | D:1      | 1270 ||| DROPPING scroll of blinking.
  1271 | D:1      | 1271 ||| DROPPING scroll of noise.
  1320 | D:2      | 1320 ||| Stepping ~*~*~tactically~*~*~ (stealth).
  1325 | D:2      | Reached skill level 4 in Axes
  1355 | D:2      | 1355 ||| Stepping ~*~*~tactically~*~*~ (stealth).
  1357 | D:2      | 1357 ||| Stepping ~*~*~tactically~*~*~ (stealth).
  1385 | D:2      | HP: 5/21 [worm (6)]
  1948 | D:2      | 1948 ||| Stepping ~*~*~tactically~*~*~ (stealth).
  1951 | D:2      | 1951 ||| Stepping ~*~*~tactically~*~*~ (stealth).
  1953 | D:2      | 1953 ||| Stepping ~*~*~tactically~*~*~ (stealth).
  2224 | D:2      | Reached XP level 4. HP: 24/26 MP: 8/8
  2338 | D:2      | 2338 ||| UPGRADING to amulet of regeneration.
  2353 | D:2      | 2353 ||| READING scroll labelled NYHESA XAGISY.
  2354 | D:2      | 2354 ||| FLEEEEING.
  2355 | D:2      | 2355 ||| FLEEEEING.
  2356 | D:2      | 2356 ||| FLEEEEING.
  2357 | D:2      | 2357 ||| FLEEEEING.
  2358 | D:2      | 2358 ||| FLEEEEING.
  2359 | D:2      | 2359 ||| FLEEEEING.
  2373 | D:2      | 2373 ||| READING scroll labelled RARREKOEPEL.
  2374 | D:2      | 2374 ||| READING 3 scrolls labelled MUTUUSMATOY.
  2375 | D:2      | 2375 ||| READING 2 scrolls of enchant weapon.
  2375 | D:2      | 2375 ||| ENCHANTING +1 hand axe of chaos.
  2376 | D:2      | 2376 ||| READING scroll of enchant weapon.
  2376 | D:2      | 2376 ||| ENCHANTING +2 hand axe of chaos.
  2377 | D:2      | 2377 ||| DRINKING 2 fizzy purple potions.
  2378 | D:2      | 2378 ||| DRINKING 2 coppery potions.
  2414 | D:2      | 2414 ||| DROPPING potion of lignification.
  2428 | D:3      | 2428 ||| PLANNING SEWER
  2476 | D:3      | Found a faded altar of an unknown god.
  2580 | D:3      | Noticed Grinder
  2582 | D:3      | 2582 ||| Stepping ~*~*~tactically~*~*~ (hiding).
  2595 | D:3      | HP: 6/26 [Grinder (8)]
  2595 | D:3      | HP: 1/26 [Grinder (5)]
  2596 | D:3      | 2596 ||| DRINKING potion of heal wounds.
  2598 | D:3      | Killed Grinder
  2599 | D:3      | Reached skill level 6 in Axes
  2599 | D:3      | Gained mutation: Your magical nature lets you fly swiftly
                  | and evasively. [Tengu growth]
  2599 | D:3      | Reached XP level 5. HP: 27/30 MP: 9/9
  2599 | D:3      | Reached XP level 6. HP: 31/35 MP: 10/10
  2761 | D:3      | Found an ancient bone altar of Kikubaaqudgha.
  2920 | D:3      | Reached skill level 7 in Axes
  2947 | D:3      | Found a glowing drain.
  2948 | D:3      | 2948 ||| DROPPING +6 ring of intelligence.
  2949 | D:3      | 2949 ||| UPGRADING to ring of poison resistance.
  2950 | D:3      | 2950 ||| READING scroll labelled YHIUDA UFIXZER.
  2954 | D:3      | 2954 ||| READING scroll labelled PEPPUC ORHOLI.
  3028 | Sewer    | Entered a sewer
  3059 | Sewer    | Noticed Pargi
  3073 | Sewer    | Killed Pargi
  3074 | Sewer    | Reached skill level 3 in Fighting
  3144 | Sewer    | 3144 ||| UPGRADING to +0 kite shield.
  3163 | D:3      | 3163 ||| PLANNING D:1-11
  3251 | D:3      | 3251 ||| READING scroll of enchant weapon.
  3251 | D:3      | 3251 ||| ENCHANTING +3 hand axe of chaos.
  3415 | D:3      | 3415 ||| DROPPING +2 vorpal hand axe.
  3663 | D:3      | 3663 ||| UPGRADING to +4 ring of protection.
  3743 | D:4      | Found Val Ycua's Jewellery Emporium.
  3747 | D:4      | 3747 ||| SHOPLISTING +4 ring of evasion (504 gold, have
                  | 144).
  3747 | D:4      | 3747 ||| SHOPLISTING ring "Batuck" {rN+ SInv} (436 gold,
                  | have 144).
  3747 | D:4      | 3747 ||| SHOPLISTING ring of fire (350 gold, have 144).
  3747 | D:4      | 3747 ||| SHOPLISTING ring of positive energy (280 gold,
                  | have 144).
  3793 | D:4      | 3793 ||| FLEEEEING.
  3794 | D:4      | 3794 ||| FLEEEEING.
  3803 | D:4      | Reached skill level 1 in Shields
  3819 | D:4      | Reached XP level 7. HP: 29/41 MP: 11/11
  3834 | D:4      | 3834 ||| DROPPING +0 whip.
  3845 | D:4      | 3845 ||| Stepping ~*~*~tactically~*~*~ (stealth).
  3847 | D:4      | 3847 ||| Stepping ~*~*~tactically~*~*~ (stealth).
  3850 | D:4      | 3850 ||| Stepping ~*~*~tactically~*~*~ (stealth).
  3852 | D:4      | 3852 ||| Stepping ~*~*~tactically~*~*~ (stealth).
  3864 | D:4      | Noticed a shapeshifter
  3864 | D:4      | an orc changed into a shapeshifter
  3864 | D:4      | Noticed a golden eye
  3864 | D:4      | a shapeshifter changed into a golden eye
  3867 | D:4      | Killed a golden eye
  3868 | D:4      | Reached skill level 3 in Shields
  3868 | D:4      | HP: 9/41 [gnoll bouda/+0 whip (3)]
  3868 | D:4      | HP: 3/41 [gnoll/+0 spear[a gnoll bouda] (6)]
  3868 | D:4      | HP: 1/41 [something (2)]
  3869 | D:4      | Slain by a gnoll

Levels and vault maps discovered:
D:1:      minmay_arrival_widening_spiral_wide, layout_basic, nrook_mini_vaults
D:2:      layout_loops_ring, minmay_goblin_outpost
D:3:      minmay_angry_zag, layout_basic, mainiacjoe_overflow_surrounded_room,
          ebering_ecumenical_altar_hall, gup_sewer_entry_spiral,
          kennysheep_generic_room_11, uniq_grinder
D:4:      layout_basic, minmay_temple_entry_glassed_door, serial_shops,
          nicolae_shop_hallway_stairs, nicolae_figureground_sparkle

Skill      XL: |  1  2  3  4  5  6  7 |
---------------+----------------------+-----
Axes           | 3 4 6 7 |  7.0
Fighting       | 3 |  3.3
Shields        | 1 3 |  3.5
Throwing       | |  1.0
Armour         | |  1.1
Dodging        | |  2.1
Spellcasting   | |  2.0
Translocations | |  2.4

Action                   |  1- 3 |  4- 6 |  7- 9 || total
-------------------------+-------+-------+-------++-------
Melee: Hand axe          |    85 |    69 |    15 ||   169
       Peck              |    13 |    12 |     1 ||    26
       Kick              |    27 |    14 |     3 ||    44
Throw: Boomerang         |     7 |    21 |     1 ||    29
  Use: Scroll            |     4 |     8 |       ||    12
       Potion            |     1 |     3 |       ||     4
Armor: Leather armour    |     7 |       |       ||     7
       Ring mail         |     7 |    23 |    12 ||    42
Dodge: Dodged            |    36 |    37 |    20 ||    93
Block: Kite shield       |       |     5 |    13 ||    18

Table legend:
 A = Non-vault XP
 B = Vault XP
 C = Vault XP percentage of total XP
 D = Non-vault monster count
 E = Vault monster count
 F = Vault count percentage of total count
                 A         B        C        D         E       F
            +---------+---------+-------+---------+---------+-------
      Total |     412 |     422 |  50.6 |      62 |      17 |  21.5
            +---------+---------+-------+---------+---------+-------
        D:1 |      39 |       0 |   0.0 |      22 |       0 |   0.0
        D:2 |      37 |       7 |  15.9 |      21 |       4 |  16.0
        D:3 |      37 |     271 |  88.0 |       9 |      11 |  55.0
        D:4 |     299 |       0 |   0.0 |      10 |       0 |   0.0
      Sewer |       0 |     144 | 100.0 |       0 |       2 | 100.0
            +---------+---------+-------+---------+---------+-------
